 Dungeon Crawl Stone Soup version 0.23-a0-38-g6d804a8 (webtiles) character file.

16656 Amnesiac the Zephyrmancer (level 12, -7/83 HPs)
             Began as a Mummy Air Elementalist on Aug 5, 2018.
             Was a High Priest of Sif Muna.
             Shot with an arrow by a centaur (12 damage)
             ... on level 2 of the Orcish Mines.
             The game lasted 00:30:35 (13754 turns).

Amnesiac the Zephyrmancer (Mummy Air Elementalist) Turns: 13754, Time: 00:30:37

Health: -7/83      AC:  9    Str: 12    XL:     12   Next: 12%
Magic:  0/28       EV: 14    Int: 18    God:    Sif Muna [*****.]
Gold:   664        SH:  5    Dex: 13    Spells: 10/36 levels left

rFire    . . .     SeeInvis .   a - +1 short sword (elec)
rCold    + . .     Gourm    .   o - +0 buckler
rNeg     + + +     Faith    .   z - +2 robe {MR+}
rPois    ∞         Spirit   +   n - +0 helmet
rElec    .         Reflect  .   x - scarf {Spirit}
rCorr    .         Harm     +   h - +0 pair of gloves
MR       +++..                  i - +2 pair of boots
Stlth    ++........             d - amulet of harm
HPRegen  0.23/turn              g - ring of protection from magic
MPRegen  0.21/turn              q - ring of protection from fire

@: no casting
A: no food or potions, fire vulnerability, cold resistance 1, negative energy
resistance 3, torment resistance, unbreathing
a: Stop Divine Energy, Channel Magic, Forget Spell, Renounce Religion


You were on level 2 of the Orcish Mines.
You worshipped Sif Muna.
Sif Muna was extremely pleased with you.
You were not hungry.

You visited 3 branches of the dungeon, and saw 14 of its levels.
You also visited: Sewer.

You collected 697 gold pieces.
You spent 33 gold pieces at shops.

Inventory:

Hand Weapons
 a - a +1 short sword of electrocution (weapon)
 b - a +0 long sword
Armour
 h - a +0 pair of gloves (worn)
 i - a +2 pair of boots (worn)
 n - a +0 helmet (worn)
 o - a +0 buckler (worn)
 x - a scarf of spirit shield (worn)
 z - a +2 robe of magic resistance (worn)
 A - a +0 troll leather armour
Jewellery
 d - an amulet of harm (around neck)
 g - a ring of protection from magic (left hand)
 q - a ring of protection from fire (right hand)
Wands
 c - a wand of polymorph (12)
 p - a wand of iceblast (4)
 s - a wand of disintegration (9)
 u - a wand of digging (22)
 y - a wand of random effects (25)
Scrolls
 e - a scroll of enchant weapon {!r}
 f - 5 scrolls of remove curse {!r}
 j - 3 scrolls of teleportation {!r}
 k - a scroll of magic mapping {!r}
 l - 4 scrolls of fog {!r}
 m - 2 scrolls of amnesia {!r}
 r - a scroll of enchant armour {!r}
 t - 4 scrolls of brand weapon {!r}
 w - a scroll of identify {!r}


   Skills:
 - Level 4.0 Fighting
 - Level 4.1 Dodging
 - Level 1.5 Stealth
 - Level 4.1 Shields
 + Level 12.5 Spellcasting
 - Level 0.7 Conjurations
 * Level 12.5 Air Magic


You had 10 spell levels left.
You knew the following spells:

 Your Spells              Type           Power        Failure   Level  Hunger
a - Airstrike             Air            ######....   1%          4    N/A
b - Static Discharge      Conj/Air       #####...     1%          3    N/A
c - Call Imp              Summ           ##......     10%         2    N/A
d - Poisonous Vapours     Pois/Air       ####..       1%          2    N/A
e - Mephitic Cloud        Conj/Pois/Air  ####....     3%          3    N/A
f - Lightning Bolt        Conj/Air       #####.....   11%         5    N/A
s - Conjure Flame         Conj/Fire      ##......     16%         3    N/A
v - Blink                 Tloc           N/A          10%         2    N/A
z - Swiftness             Chrm/Air       ####....     1%          2    N/A

Your spell library contained the following spells:

 Spells                   Type           Power        Failure   Level  Hunger
 Magic Dart               Conj           ##..         4%          1    N/A
 Slow                     Hex            ##......     10%         2    N/A
 Freezing Cloud           Conj/Ice/Air   ####......   83%         6    N/A
 Ring of Flames           Chrm/Fire      ##........   100%        7    N/A
 Iskenderun's Mystic Bla  Conj           ##......     41%         4    N/A
 Ozocubu's Armour         Chrm/Ice       ##......     19%         3    N/A
 Summon Greater Demon     Summ           ##........   100%        7    N/A
 Shock                    Conj/Air       ####         1%          1    N/A
 Throw Icicle             Conj/Ice       ##......     45%         4    N/A
 Summon Butterflies       Summ           ##......     6%          1    N/A
 Iskenderun's Battlesphe  Conj/Chrm      ##......     82%         5    N/A
 Force Lance              Conj/Tloc      ##......     45%         4    N/A
 Infusion                 Chrm           ##..         6%          1    N/A
 Summon Forest            Summ/Tloc      ##........   86%         5    N/A
 Spellforged Servitor     Conj/Summ      ##........   100%        7    N/A

Dungeon Overview and Level Annotations

Branches:
Dungeon (11/15)            Temple (1/1) D:5            Lair (0/6) D:10
    Orc (2/2) D:10
    Elf: Orc:2

Altars:
Ashenzari
Cheibriados
Dithmenos
Elyvilon
Fedhas
Gozag
Hepliaklqana
Kikubaaqudgha
Makhleb
Nemelex Xobeh
Okawaru
Qazlal
Ru
Sif Muna
Trog
Uskayaw
Vehumet
Wu Jian
Xom
Yredelemnul
Zin
The Shining One

Shops:
D:8 ?}:   D:9 *


Innate Abilities, Weirdness & Mutations

You do not eat or drink.
Your flesh is vulnerable to fire.
You are immune to poison.
Your flesh is cold resistant. (rC+)
You are immune to negative energy. (rN+++)
You are immune to unholy pain and torment.
You can survive without breathing.


Message History

You start resting.
An orc warrior comes into view. It is wielding a trident.
Casting: Airstrike (safe; 1% risk of failure)
Confirm with . or Enter, or press ? or * to list all spells.
Aiming: Airstrike (safe; 1% risk of failure)
Press: ? - help, Dir - move target cursor, f - orc warrior
Aim: an orc warrior, wielding a trident and wearing a chain mail (hasn't noticed you)
The air twists around and strikes the orc warrior!
The orc warrior shouts!
The orc warrior is moderately wounded.
Casting: Airstrike (safe; 1% risk of failure)
Confirm with . or Enter, or press ? or * to list all spells.
Aiming: Airstrike (safe; 1% risk of failure)
Press: ? - help, Dir - move target cursor, f/p - orc warrior
Aim: an orc warrior, wielding a trident and wearing a chain mail (moderately wounded)
The air twists around and strikes the orc warrior!
The orc warrior is heavily wounded.
Casting: Airstrike (safe; 1% risk of failure)
Confirm with . or Enter, or press ? or * to list all spells.
Aiming: Airstrike (safe; 1% risk of failure)
Press: ? - help, Dir - move target cursor, f/p - orc warrior
Aim: an orc warrior, wielding a trident and wearing a chain mail (heavily wounded)
The air twists around and strikes the orc warrior!
The orc warrior is almost dead.
Casting: Airstrike (safe; 1% risk of failure)
Confirm with . or Enter, or press ? or * to list all spells.
Aiming: Airstrike (safe; 1% risk of failure)
Press: ? - help, Dir - move target cursor, f/p - orc warrior
Aim: an orc warrior, wielding a trident and wearing a chain mail (almost dead)
The air twists around and strikes the orc warrior!
The orc warrior is almost dead.
Sif Muna grants you divine energy.
You briefly lose access to your magic!
An orc priest and a centaur come into view.
The orc priest shouts!
The centaur shouts!
The centaur wields a shortbow.
The centaur shoots an arrow.
You block the arrow.
You see here an arrow.
The centaur shoots an arrow.
The arrow hits you but does no damage.
You see here an arrow.
The centaur shoots an arrow.
The arrow hits you!
* * * LOW HITPOINT WARNING * * *
You see here an arrow.
An orc comes into view. It is wielding a flail.
You regain access to your magic.
The orc shouts!
The centaur shoots an arrow.
You block the arrow. The orc warrior closely misses you.
You see here an arrow.
Casting: Airstrike (safe; 1% risk of failure)
Confirm with . or Enter, or press ? or * to list all spells.
Aiming: Airstrike (safe; 1% risk of failure)
Press: ? - help, Dir - move target cursor, f/p - orc warrior
Aim: an orc warrior, wielding a trident and wearing a chain mail (almost dead)
The air twists around and strikes the orc warrior!
You kill the orc warrior!
Sif Muna accepts your kill. Sif Muna grants you divine energy.
You briefly lose access to your magic!
The centaur shoots an arrow.
You block the arrow.
The orc priest mumbles some strange prayers to Beogh against you.
Beogh smites you!
* * * LOW HITPOINT WARNING * * *
The centaur shoots an arrow.
The arrow hits you!
You die...

## #.##
###...#
#......
.......####
#......@#(##
#.......().##
....#....).(##
...
###.....(## .
#........#
#..oo....##
.........##
...c.....##
........##


You could see a centaur, an orc priest and an orc.

Vanquished Creatures
  Josephine (D:11)
  The ghost of Amnesiac the Thrower, a novice OgFi of Okawaru (D:9)
  3 two-headed ogres
  A death yak (D:10)
  2 orc sorcerers
  A cyclops (D:11)
  An elephant (D:10)
  A centaur zombie (D:9)
  4 trolls
  3 hippogriffs
  A wyvern (D:11)
  A shadow (D:11)
  4 yaks
  4 wraiths (D:11)
  2 hungry ghosts (D:7)
  2 wargs (Orc:2)
  Menkaure (D:4)
  3 ice beasts
  Purgy (Sewer)
  3 sky beasts
  4 black bears
  6 orc warriors
  A necrophage (D:9)
  A phantom (D:10)
  10 ogres
  4 centaurs
  4 crocodiles
  3 big kobolds
  6 bullfrogs
  A scorpion (D:4)
  9 killer bees (D:8)
  A troll skeleton (D:11)
  A spriggan skeleton (D:11)
  17 wights
  7 howler monkeys
  4 crimson imps
  2 hounds
  A bullfrog zombie (D:10)
  5 jellies
  14 orc priests
  A bullfrog skeleton (D:8)
  3 centaur skeletons
  13 orc wizards
  3 iguanas
  11 worker ants
  3 hound zombies
  4 hound skeletons
  A mummy (D:6)
  Robin (D:2)
  12 adders
  3 shadow imps
  An adder zombie (D:7)
  3 adder skeletons
  3 worms (D:2)
  4 dart slugs
  8 leopard geckos
  67 orcs
  8 giant cockroaches
  14 goblins
  13 hobgoblins
  11 jackals
  22 kobolds
  4 quokkas
  2 ball pythons
  2 bats
  5 frilled lizards
  A hobgoblin zombie (D:6)
  2 kobold zombies (D:6)
  A leopard gecko skeleton (D:6)
  An orc zombie (D:6)
  A quokka skeleton (D:4)
  9 rats
378 creatures vanquished.

Vanquished Creatures (others)
  A killer bee zombie (D:8)
  A worm (D:3)
2 creatures vanquished.

Grand Total: 380 creatures vanquished

Notes
Turn   | Place    | Note
-------+----------+-------------------------------------------
     0 | D:1      | Amnesiac the Mummy Air Elementalist began the quest for the Orb.
     0 | D:1      | Reached XP level 1. HP: 13/13 MP: 4/4
   103 | D:1      | Reached XP level 2. HP: 14/19 MP: 0/5
   107 | D:1      | Learned a level 2 spell: Swiftness
   556 | D:2      | Reached XP level 3. HP: 24/24 MP: 2/7
   762 | D:3      | Reached XP level 4. HP: 30/30 MP: 2/9
   777 | D:3      | Learned a level 3 spell: Static Discharge
   782 | D:3      | Learned a level 4 spell: Airstrike
  1063 | D:4      | Noticed Menkaure
  1066 | D:4      | Found a deep blue altar of Sif Muna.
  1132 | D:4      | Killed Menkaure
  1132 | D:4      | Reached XP level 5. HP: 35/35 MP: 0/12
  1278 | D:4      | Reached XP level 6. HP: 41/41 MP: 1/13
  1418 | D:4      | Reached skill level 5 in Air Magic
  1582 | D:4      | Reached skill level 5 in Spellcasting
  2483 | D:3      | Reached XP level 7. HP: 46/46 MP: 6/15
  2562 | D:3      | Found an iron altar of Okawaru.
  3909 | D:2      | Noticed Robin
  3923 | D:2      | Killed Robin
  3988 | D:2      | Reached skill level 1 in Fighting
  4245 | D:2      | Found an ancient bone altar of Kikubaaqudgha.
  4491 | D:3      | Found a stormy altar of Qazlal.
  4970 | D:5      | Entered Level 5 of the Dungeon
  5150 | D:5      | Found a staircase to the Ecumenical Temple.
  5176 | Temple   | Entered the Ecumenical Temple
  5936 | D:5      | Found a deep blue altar of Sif Muna.
  5944 | D:5      | Became a worshipper of Sif Muna the Loreminder
  5977 | D:5      | Reached XP level 8. HP: 57/57 MP: 4/17
  6253 | D:6      | Found a bloodstained altar of Trog.
  6328 | D:6      | Found a glowing drain.
  6338 | Sewer    | Entered a sewer
  6494 | Sewer    | Noticed Purgy
  6497 | Sewer    | Killed Purgy
  6497 | Sewer    | Reached * piety under Sif Muna
  6720 | D:6      | Found an opulent altar of Gozag.
  6737 | D:6      | Reached ** piety under Sif Muna
  6737 | D:6      | Reached XP level 9. HP: 60/62 MP: 0/21
  7223 | D:7      | Found a sparkling altar of Nemelex Xobeh.
  7223 | D:7      | Found a burning altar of Makhleb.
  7228 | D:7      | Found a radiant altar of Vehumet.
  7230 | D:7      | Found a shadowy altar of Dithmenos.
  7232 | D:7      | Found a snail-covered altar of Cheibriados.
  7351 | D:7      | Found a hazy altar of Hepliaklqana.
  7563 | D:7      | Reached skill level 1 in Shields
  7768 | D:8      | Found Onugoff's Magic Scroll Shop.
  7787 | D:8      | Found a white marble altar of Elyvilon.
  8185 | D:8      | Reached *** piety under Sif Muna
  8203 | D:8      | Reached XP level 10. HP: 69/69 MP: 0/22
  8307 | D:8      | Found Hamnesmi's Book Shoppe.
  8394 | D:8      | Found Ocvolac's Gadget Boutique.
  8556 | D:9      | Learned a level 3 spell: Mephitic Cloud
  8559 | D:9      | Learned a level 2 spell: Blink
  8565 | D:9      | Learned a level 5 spell: Lightning Bolt
  8569 | D:9      | Learned a level 3 spell: Conjure Flame
  8572 | D:9      | Learned a level 2 spell: Call Imp
  8818 | D:9      | You fall through a shaft for 2 floors!
  8967 | D:11     | Reached **** piety under Sif Muna
  9110 | D:11     | Noticed a cyclops
  9153 | D:11     | Killed a cyclops
  9235 | D:11     | Reached skill level 10 in Spellcasting
  9235 | D:11     | Reached skill level 10 in Air Magic
  9236 | D:11     | Noticed Josephine
  9271 | D:11     | Killed Josephine
  9470 | D:10     | Entered Level 10 of the Dungeon
  9470 | D:10     | Found a staircase to the Orcish Mines.
  9493 | D:10     | Reached XP level 11. HP: 53/77 MP: 1/25
  9494 | D:10     | Reached ***** piety under Sif Muna
  9693 | D:9      | Identified Cungih's Handbook of Combat Magic (Sif Muna gifted it to you on level 9 of the Dungeon)
  9693 | D:9      | Received a gift from Sif Muna
  9714 | D:9      | Found a transporter.
  9714 | D:9      | Noticed a two-headed ogre
  9714 | D:9      | Noticed a two-headed ogre
  9716 | D:9      | Noticed Amnesiac's ghost (novice OgFi)
  9812 | D:9      | Found Elihaiceyt's Assorted Antiques.
  9820 | D:9      | Bought a scroll labeled PIUZUU DIURGHEJ for 33 gold pieces
  9971 | D:9      | Found a transporter.
 10058 | D:9      | Killed a two-headed ogre
 10059 | D:9      | Killed a two-headed ogre
 10299 | D:9      | Killed Amnesiac's ghost
 10313 | D:9      | Got a fine dire flail {crush}
 10314 | D:9      | Identified the +9 dire flail of Eternal Vigilance {crush, +Blink Str-2 SInv Stlth+} (You took it off a two-headed ogre on level 9 of the Dungeon)
 10739 | D:10     | Noticed a two-headed ogre
 11128 | D:10     | Found a staircase to the Lair.
 11360 | D:10     | Killed a two-headed ogre
 11509 | D:10     | Noticed a death yak
 11574 | D:9      | Identified Sif Muna's Incunabulum of Helpful Creation (Sif Muna gifted it to you on level 9 of the Dungeon)
 11574 | D:9      | Received a gift from Sif Muna
 11687 | D:10     | Learned a level 2 spell: Poisonous Vapours
 12151 | D:10     | Killed a death yak
 12315 | Orc:1    | Entered Level 1 of the Orcish Mines
 12596 | Orc:2    | Entered Level 2 of the Orcish Mines
 12687 | Orc:2    | Noticed an orc sorcerer
 12691 | Orc:2    | Killed an orc sorcerer
 12905 | Orc:2    | Reached XP level 12. HP: 83/83 MP: 16/28
 12966 | Orc:2    | Noticed an orc warlord
 13526 | Orc:2    | Noticed a centaur warrior
 13754 | Orc:2    | Shot with an arrow by a centaur

Vault maps used:
D:1:      kennysheep_arrival_seaside, minmay_heptomino_o4
D:2:      marbit_many_paths, dk_noncrumbling_4, uniq_robin
D:3:      grunt_qazlal_sundering, overflow_temple_1_default
D:4:      first_ration, lemuel_statue_altar, uniq_menkaure
D:5:      kennysheep_mini, temple_pool_b, guppyfry_early_orc_mine
D:6:      nicolae_gozag_seed_capital, trog_ov_bears_minmay,
          gup_sewer_entry_bowl, minmay_mini_ossuary
D:7:      chequers_temple_overflow_minitemple, kennysheep_little_box
D:8:      elyvilon_altar_5, serial_shops, shop, shop, shop_fountains,
          grunt_ogre_cave
D:9:      gammafunk_ghost_smash, serial_shops, shop
D:10:     david_lair_generic, david_orc_2
D:11:     serial_co_window_serial, co_window_paths_b, co_window_paths_a,
          co_window_of_opportunity_a, co_window_paths_b, co_window_paths_a,
          co_window_2corner, co_window_cross_3, co_window_of_opportunity_c,
          co_window_broadway_c, co_window_corner_b, co_window_unsneaky_path_d,
          glass_columns_b, glass_columns_c, hangedman_tell_no_tales,
          uniq_josephine
Temple:   nicolae_temple_figure_zero
Orc:1:    mines4_lemuel, uniq_fannar
Orc:2:    st_orc_rangers
Sewer:    kennysheep_door_sewer

Skill      XL: |  1  2  3  4  5  6  7  8  9 10 11 |
---------------+----------------------------------+-----
Spellcasting   | 3 4 5 6 8 10 12 | 12.5
Air Magic      | 3 4 5 6 7 8 10 12 | 12.5
Dodging        | 3 4 |  4.1
Fighting       | 2 4 |  4.0
Shields        | 4 |  4.1
Stealth        | |  1.5
Conjurations   | |  0.7

Action                   |  1- 3 |  4- 6 |  7- 9 | 10-12 || total
-------------------------+-------+-------+-------+-------++-------
Melee: Short sword       |    13 |    17 |    91 |    80 ||   201
       Long sword        |       |       |       |     7 ||     7
 Cast: Shock             |    46 |     5 |       |       ||    51
       Airstrike         |       |    32 |   188 |   294 ||   514
       Static Discharge  |       |       |     1 |       ||     1
       Poisonous Vapours |       |       |       |    18 ||    18
       Lightning Bolt    |       |       |       |     9 ||     9
       Blink             |       |       |       |     2 ||     2
Invok: Divine Energy     |       |       |     1 |       ||     1
Evoke: Wand              |       |       |       |    12 ||    12
  Use: Scroll            |     1 |     2 |     9 |    11 ||    23
 Stab: Sleeping          |       |       |     2 |       ||     2
Armor: Robe              |     3 |     3 |    42 |    77 ||   125
       Troll leather arm |       |       |       |     5 ||     5
Dodge: Dodged            |    16 |    12 |    83 |   218 ||   329
Block: Buckler           |       |       |    13 |    82 ||    95
       Rpst.: Long sword |       |       |       |     3 ||     3

Table legend:
 A = Spawn XP
 B = Non-spawn XP
 C = Spawn XP percentage of total XP
 D = Spawn monster count
 E = Non-spawn monster count
 F = Spawn count percentage of total count
 G = Total turns spent on level
                    A         B        C        D         E        F      G
               +---------+---------+-------+---------+---------+-------+---------
         Total |       0 |   23795 |   0.0 |       0 |     379 |   0.0 | 13754
               +---------+---------+-------+---------+---------+-------+---------
           D:1 |       0 |      48 |   0.0 |       0 |      26 |   0.0 |   960
           D:2 |       0 |     114 |   0.0 |       0 |      31 |   0.0 |  1241
           D:3 |       0 |     155 |   0.0 |       0 |      24 |   0.0 |  1174
           D:4 |       0 |     598 |   0.0 |       0 |      17 |   0.0 |  1729
           D:5 |       0 |     667 |   0.0 |       0 |      16 |   0.0 |   947
           D:6 |       0 |    1555 |   0.0 |       0 |      47 |   0.0 |   829
           D:7 |       0 |     744 |   0.0 |       0 |      11 |   0.0 |   582
           D:8 |       0 |    2080 |   0.0 |       0 |      32 |   0.0 |   782
           D:9 |       0 |    5403 |   0.0 |       0 |      57 |   0.0 |  1672
          D:10 |       0 |    4995 |   0.0 |       0 |      58 |   0.0 |  1613
          D:11 |       0 |    3925 |   0.0 |       0 |      23 |   0.0 |   652
         Orc:1 |       0 |     904 |   0.0 |       0 |       9 |   0.0 |   583
         Orc:2 |       0 |    2371 |   0.0 |       0 |      22 |   0.0 |   695
         Sewer |       0 |     236 |   0.0 |       0 |       6 |   0.0 |   177
               +---------+---------+-------+---------+---------+-------+---------
